 Dungeon Crawl Stone Soup version 0.28.0-53-g5a82cb258f (webtiles) character file.

Game seed: 2324073958317680659

25 Zeld the Conjurer (level 2, 0/15 HPs)
             Began as a Deep Elf Conjurer on May 24, 2022.
             Succumbed to an adder's poison
             ... on level 2 of the Dungeon.
             The game lasted 00:01:36 (1297 turns).

Zeld the Conjurer (Deep Elf Conjurer)               Turns: 1297, Time: 00:01:37

Health: 0/15       AC:  2    Str:  4    XL:     2   Next: 82%
Magic:  0/8        EV: 12    Int: 22    God:
Gold:   2          SH:  0    Dex: 13    Spells: 5/8 levels left

rFire   . . .      SeeInvis .   (no weapon)
rCold   . . .      Faith    .   (no shield)
rNeg    . . .      Spirit   .   a - +0 robe
rPois   .          Reflect  .   (no helmet)
rElec   .          Harm     .   (no cloak)
rCorr   .          Rampage  .   (no gloves)
Will    .....                   (no boots)
Stlth   ++........              (no amulet)
HPRegen 0.05/turn               (no ring)
MPRegen 0.11/turn               (no ring)

@: lethally poisoned (0 -> -4)
A: no striking features
a: no special abilities


You were on level 2 of the Dungeon.
You visited 1 branch of the dungeon, and saw 2 of its levels.

You collected 82 gold pieces.
You spent 80 gold pieces at shops.

Inventory:

Armour
 a - a +0 robe (worn)
Scrolls
 c - a scroll of vulnerability {unknown}
Potions
 b - a potion of brilliance {unknown}
 d - a potion of flight {unknown}
 e - a potion of lignification {unknown}
 g - a potion of heal wounds


   Skills:
 - Level 2.4 Dodging
 - Level 2.4 Stealth
 * Level 3.6 Spellcasting
 * Level 4.7 Conjurations
 + Level 1.1 Hexes
 + Level 0.9 Translocations


You had 5 spell levels left.
You knew the following spells:

 Your Spells              Type           Power      Damage    Failure   Level
a - Magic Dart            Conj           100%       1d8       1%          1
b - Searing Ray           Conj           50%        2d6       2%          2

Your spell library contained the following spells:

 Spells                   Type           Power      Damage    Failure   Level
 Dazzling Flash           Conj/Hex       34%        N/A       11%         3
 Fulminant Prism          Conj/Hex       8%         3d7       34%         4
 Iskenderun's Mystic Bla  Conj/Tloc      16%        2d5       34%         4


Dungeon Overview and Level Annotations

Branches:
Dungeon (2/15)

Altars:

Shops:
D:2 !


Message History

(Press . to maintain the ray.)
The adder barely misses you. The adder bites you.
You are poisoned.
The adder poisons you!
You feel sick.
You feel sick.
Casting: Searing Ray (safe; 2% risk of failure)
Confirm with . or Enter, or press ? or * to list all spells.
Aiming: Magic Dart (safe; 1% risk of failure)
Press: ? - help, Shift-Dir - straight line, f/p - adder
Aim: an adder (heavily wounded, 100% to hit)
The magic dart hits the adder.
The adder is heavily wounded.
You feel sick. The adder closely misses you. The adder bites you.
You are lethally poisoned!
The adder poisons you!
Unknown command.
You feel sick.
* * * LOW HITPOINT WARNING * * *
You feel sick.
You feel better. The adder barely misses you. The adder bites you.
The adder bites you.
You are poisoned.
The adder poisons you!
Casting: Magic Dart (safe; 1% risk of failure)
Confirm with . or Enter, or press ? or * to list all spells.
Aiming: Magic Dart (safe; 1% risk of failure)
Press: ? - help, Shift-Dir - straight line, f/p - adder
Aim: an adder (heavily wounded, 100% to hit)
The magic dart hits the adder.
The adder is almost dead.
You feel sick. The adder misses you.
Unknown command.
You feel sick.
You feel sick. The adder bites you.
* * * LOW HITPOINT WARNING * * *
You are more poisoned.
The adder poisons you!
You die...

... #..### #..
##....## #.#
#..##..##
#..##.####..######
#..#.# ##.†..... .
#...# #######. #.
#####..######
###.###.†.S........
##.......@......####
...........####.#
.........## .#
#.......# .# ####
#.......# #
.).##.......#####
#.#....<.......#
##..........###....
######...........#
#.


You could see an adder.

Vanquished Creatures
  2 dart slugs (D:1)
  2 endoplasms (D:1)
  2 giant cockroaches
  3 hobgoblins (D:1)
  A quokka (D:2)
  A ball python (D:1)
  A bat (D:2)
  A frilled lizard (D:1)
  3 goblins
  A kobold (D:1)
  3 rats (D:1)
20 creatures vanquished.

Notes
Turn   | Place    | Note
-------+----------+-------------------------------------------
     0 | D:1      | Zeld the Deep Elf Conjurer began the quest for the Orb.
     0 | D:1      | Reached XP level 1. HP: 10/10 MP: 6/6
   320 | D:1      | Reached XP level 2. HP: 15/15 MP: 5/8
   323 | D:1      | Learned a level 2 spell: Searing Ray
   349 | D:1      | Found a faded altar of an unknown god.
   658 | D:1      | Reached skill level 1 in Hexes
  1192 | D:2      | Found Nici's Distillery.
  1226 | D:2      | Bought a potion of curing for 30 gold pieces
  1226 | D:2      | Bought a potion of heal wounds for 50 gold pieces
  1297 | D:2      | Succumbed to an adder's poison

Illustrated notes

Levels and vault maps discovered:
D:1:      lemuel_arrival_room, layout_basic,
          hellmonk_ecumenical_altar_arch_garden
D:2:      layout_rooms, serial_shops, shop, basic_altar,
          ebering_dispersal_statue_hall

Skill      XL: |  1  2 |
---------------+-------+-----
Hexes          | 1 |  1.1
Dodging        | |  2.4
Stealth        | |  2.4
Spellcasting   | |  3.6
Conjurations   | |  4.7
Translocations | |  0.9

Action                   || total
-------------------------++-------
 Cast: Magic Dart        ||    38
       Searing Ray       ||     2
  Use: Potion            ||     1
Armor: Robe              ||     2
Dodge: Dodged            ||    10
